 Dungeon Crawl Stone Soup version 0.14-a0-1721-g84c87b2 (webtiles) character file.

176 Mitsuki the Ducker (level 5, -2/37 HPs)
             Began as a Merfolk Transmuter on Jan 2, 2014.
             Killed from afar by an orc wizard (5 damage)
             ... with a magic dart
             ... on Level 3 of the Dungeon.
             The game lasted 00:13:47 (2385 turns).

Mitsuki the Ducker (Merfolk Transmuter)             Turns: 2385, Time: 00:13:49

HP  -2/37        AC  5     Str 10      XL: 5   Next:  0%
MP   5/9         EV 14     Int 14      God:
Gold 60          SH  0     Dex 14      Spells:  3 memorised,  3 levels left

rFire  . . .     SeeInvis .       - Unarmed
rCold  . . .     Clarity  .     r - +2 robe
rNeg   . . .     Conserve .     (no shield)
rPois  .         rCorr    .     (no helmet)
rElec  .         rRot     .     (no cloak)
SustAb . .       Spirit   .     (no gloves)
rMut   .         Warding  .     h - +0 pair of orc boots
Saprov . . .     Stasis   .     (no amulet)
                                (no ring)
                                (no ring)

@: slightly resistant to hostile enchantments, unstealthy
A: change form in water, swift swim
a: no special abilities


You were on level 3 of the Dungeon.
You were not hungry.

You visited 1 branch of the dungeon, and saw 3 of its levels.

You collected 60 gold pieces.

Inventory:

Hand weapons
 f - a +0,+0 spear
Missiles
 b - 24 arrows
 k - 7 darts (quivered)
Armour
 h - a +0 pair of orcish boots (worn)
 r - a +2 robe (worn)
Comestibles
 j - a meat ration
 o - 3 bread rations
Scrolls
 c - a scroll of noise {unknown}
 g - a scroll of curse jewellery {unknown}
 i - 2 scrolls of remove curse {unknown}
 m - a scroll of curse weapon {unknown}
 n - a scroll of immolation {unknown}
 p - a scroll of identify {unknown}
Potions
 a - a potion of restore abilities
 e - a potion of curing
 l - a potion of heal wounds {unknown}
Books
 d - a book of Changes

   Spells                             Type                      Level
   *Beastly Appendage                 Transmutation                1
   *Sticks to Snakes                  Transmutation                2
   *Spider Form                       Transmutation/Poison         3
   Ice Form                           Ice/Transmutation            4
   Blade Hands                        Transmutation                5


   Skills:
 - Level 1.1 Fighting
 + Level 4.3 Dodging
 + Level 4.2 Unarmed Combat
 + Level 2.6 Spellcasting
 + Level 3.4 Transmutations
 + Level 0.9 Poison Magic


You had 3 spell levels left.
You knew the following spells:

 Your Spells              Type           Power        Failure   Level  Hunger
a - Beastly Appendage     Trmt           ##....       6%          1    #......
b - Spider Form           Trmt/Pois      #.........   30%         3    ####...
c - Sticks to Snakes      Trmt           ##........   10%         2    ##.....


Dungeon Overview and Level Annotations

Branches:
Dungeon (3/16)

Altars:
Makhleb
Okawaru
Yredelemnul


Message History

r - Retreat! s - Stop attacking. w - Wait here. f - Follow me.
Anything else - Stay silent.
Gang up on whom?
Press: ? - help, Dir - move target cursor, f - orc wizard
Aim: an orc wizard, wielding an orcish dagger and wearing an orcish robe (lightly wounded, moving very quickly) Attack!
The orc wizard barely misses you. The orc wizard barely misses you.
Really attack while wielding your 24 arrows?
You are now empty-handed.
Your ball python bites the orc wizard but does no damage.
Your ball python completely misses the orc wizard.
Drink which item? (? for menu, Esc to quit)
You feel refreshed.
It was a potion of restore abilities.
The orc wizard hits you but does no damage.
Your ball python closely misses the orc wizard.
Your ball python barely misses the orc wizard.
The orc wizard casts a spell at you. The magic dart hits you!
You die...

#.# #..%.##.#
#....##.#
#....##.#
#....##.# ####
#....##.# ...###
##....##.# ._...#
#.....##.#
..[..####.....##@#
.....%......).So)#
.....####.....####
.....# #.>####
##<### #.%# #o#
#..# ##.# ##..##
...# #....#
########....#


You could see an orc wizard and a friendly ball python.

Vanquished Creatures
  An orc priest (D:3)
  2 adders (D:2)
  A giant mite (D:1)
  3 worms (D:2)
  A giant gecko (D:2)
  An orc (D:3)
  4 bats
  A giant cockroach (D:1)
  5 hobgoblins
  4 jackals
  6 kobolds
  3 quokkas
  A ball python (D:3)
  3 giant newts
  2 goblins
  3 rats
  A rat skeleton (D:3)
42 creatures vanquished.

Notes
Turn   | Place    | Note
--------------------------------------------------------------
     0 | D:1      | Mitsuki, the Merfolk Transmuter, began the quest for the Orb.
     0 | D:1      | Reached XP level 1. HP: 15/15 MP: 3/3
   227 | D:1      | Found an iron altar of Okawaru.
   260 | D:1      | Reached XP level 2. HP: 21/21 MP: 4/4
  1013 | D:2      | Reached XP level 3. HP: 24/26 MP: 4/6
  1018 | D:2      | Learned a level 3 spell: Spider Form
  1109 | D:2      | Found a basalt altar of Yredelemnul.
  1382 | D:2      | Reached skill level 4 in Unarmed Combat
  1499 | D:2      | Reached XP level 4. HP: 19/32 MP: 0/7
  1925 | D:3      | Found a burning altar of Makhleb.
  2121 | D:2      | Learned a level 2 spell: Sticks to Snakes
  2372 | D:3      | Reached XP level 5. HP: 20/37 MP: 6/9
  2385 | D:3      | Killed from afar by an orc wizard

Action                   |  1- 3 |  4- 6 || total
-------------------------+-------+-------++-------
Melee: Unarmed           |    95 |    47 ||   142
Throw: Dart              |     4 |     6 ||    10
 Cast: Beastly Appendage |    10 |       ||    10
       Spider Form       |     3 |     5 ||     8
       Sticks to Snakes  |       |     2 ||     2
  Use: Potion            |     3 |     1 ||     4
